 Dungeon Crawl Stone Soup version 0.30.0-29-ga12c61a403 (webtiles) character file.

Game seed: 14728842097283046073

28 Irreverend the Poker (level 3, 24/28 HPs)
             Began as a Demonspawn Gladiator on June 5, 2023.
             Quit the game on level 1 of the Dungeon.
             The game lasted 00:01:41 (312 turns).

Irreverend the Poker (Demonspawn Gladiator)          Turns: 312, Time: 00:01:42

Health: 24/28      AC:  5    Str: 14    XL:     3   Next: 0%
Magic:  3/3        EV: 12    Int:  9    God:
Gold:   20         SH:  0    Dex: 16    Spells: 2/2 levels left

rFire   . . .        a - +0 trident
rCold   . . .        (no shield)
rNeg    . . .        b - +0 leather armour
rPois   .            c - +0 helmet
rElec   .            j - +0 cloak
rCorr   .            (no gloves)
SInv    .            (no boots)
Will    .....        (no amulet)
Stlth   +            (no ring)
HPRegen 0.24/turn    (no ring)
MPRegen 0.08/turn

%: no passive effects
@: no status effects
A: demonic magic 2
a: no special abilities


You were on level 1 of the Dungeon.
You visited 1 branch of the dungeon, and saw 1 of its levels.

You collected 20 gold pieces.

Inventory:

Hand Weapons
 a - a +0 trident (weapon)
Missiles
 d - 3 throwing nets (quivered)
 e - a javelin
Armour
 b - a +0 leather armour (worn)
 c - a +0 helmet (worn)
 j - a +0 cloak (worn)
Scrolls
 f - a scroll of identify {unknown}
Potions
 g - a potion of curing {unknown}
 h - a potion of attraction {unknown}
 i - a potion of flight {unknown}


   Skills:
 + Level 2.3 Fighting
 * Level 3.2 Polearms
 + Level 2.1 Throwing
 + Level 2.9 Dodging


You had 2 spell levels left.
You didn't know any spells.
Your spell library was empty.

Dungeon Overview and Level Annotations

Branches:
Dungeon (1/15)

Altars:


Innate Abilities, Weirdness & Mutations

Spells you cast may paralyse nearby enemies.


Message History

An endoplasm comes into view.
The endoplasm quivers.
An endoplasm is nearby!
You puncture the endoplasm!
You kill the endoplasm!
A ball python comes into view.
A ball python is nearby!
The ball python hisses angrily.
A dart slug comes into view.
You completely miss the ball python. The ball python closely misses you.
The ball python barely misses you.
You hit the ball python but do no damage.
The ball python bites you. The ball python closely misses you.
The ball python misses you. The ball python barely misses you.
You puncture the ball python!
You kill the ball python!
The dart slug launches a dart at you. The slug dart hits you.
You see here a ball python corpse.
You reach to attack!
You hit the dart slug but do no damage. The dart slug launches a dart at you.
The slug dart hits you.
You reach to attack!
You hit the dart slug.
The dart slug is moderately wounded.
You hit the dart slug.
The dart slug is heavily wounded.
The dart slug bites you but does no damage.
You hit the dart slug.
The dart slug is heavily wounded.
You puncture the dart slug!
You kill the dart slug!
You have reached level 3!
Your experience leads to an increase in your attributes!
Increase (S)trength, (I)ntelligence, or (D)exterity?
You feel agile. x2; Your demonic ancestry asserts itself...
Your magic grows more menacing.
Saving game... please wait.
Welcome back, Irreverend the Demonspawn Gladiator.
Press ? for a list of commands and other information.
Are you sure you want to abandon this character and quit the game? (Confirm with "yes".)

##### ... ... #.
#.###.### #.
#†....... .# #. #@#
#.##.# #. #.# #.##.#
#. #.# #.##.# #.
#.#.##.#####..#.# #.
.................#
#.
##.#.##.######...##
#. #
.............######
#.......##
###.########........
+........
...................


There were no monsters in sight!

Vanquished Creatures
  A dart slug (D:1)
  6 endoplasms (D:1)
  A giant cockroach (D:1)
  2 goblins (D:1)
  A quokka (D:1)
  5 ball pythons (D:1)
  3 bats (D:1)
  2 frilled lizards (D:1)
  2 kobolds (D:1)
  A rat (D:1)
24 creatures vanquished.

Notes
Turn   | Place    | Note
-------+----------+-------------------------------------------
     0 | D:1      | Irreverend the Demonspawn Gladiator began the quest for the
                  | Orb.
     0 | D:1      | Reached XP level 1. HP: 16/16 MP: 1/1
   153 | D:1      | Gained mutation: Spells you cast may paralyse adjacent
                  | enemies. [demonic ancestry]
   153 | D:1      | Reached XP level 2. HP: 18/22 MP: 2/2
   161 | D:1      | Reached skill level 3 in Polearms
   312 | D:1      | Gained mutation: Spells you cast may paralyse nearby
                  | enemies. [demonic ancestry]
   312 | D:1      | Reached XP level 3. HP: 24/28 MP: 3/3
   312 | D:1      | Quit the game

Illustrated notes

Levels and vault maps discovered:
D:1:      dpeg_arrival_rooms_c, layout_basic

Skill      XL: |  1  2 |
---------------+-------+-----
Polearms       | 3 |  3.2
Throwing       | 2 |  2.1
Fighting       | |  2.3
Dodging        | |  2.9

Action                     || total
---------------------------++-------
  Melee: Trident           ||    52
 Armour: Leather armour    ||    12
  Dodge: Dodged            ||    31
